AoeStats
← mauggy

Nomad

508364048Analyzed
3v3 RM · 12d ago on Sep 22, 2026· 68m 56s· 6 players
Game mode
Random Map
Map size
210×210
Population
200
Speed
Normal
Resources
Standard
Victory
Conquest
Starting age
Dark Age
Ending age
Imperial Age
RankedLock teamsTeams togetherTeam positionsShared explorationLock speedFull tech treeHidden civsTurbo modeCheats
Victory
Defeat
🇨🇦 Romans · Canada
1040
+12
🇨🇦 Chinese · Canada
1025
+13
🇨🇦 Japanese · Canada
968
+15
🇵🇪 Cumans · Peru
1059
-17
🇵🇪 Khmer · Peru
971
-14
🇵🇪 Mongols · Peru
835
-9
hispa_will
4:25 Loom
16:16 Feudal Age
18:31 Gold Mining
21:51 Castle Age
21:24 Double-Bit Axe
23:14 Gold Shaft Mining
23:15 Scale Barding Armor
23:21 Forging
23:39 Bloodlines
26:38 Iron Casting
39:06 Wheelbarrow
39:02 Tusk Swords
42:40 Imperial Age
43:10 Fletching
43:50 Double Crossbow
44:26 Bodkin Arrow
45:47 Chemistry
45:07 Ballistics
51:12 Hand Cart
53:30 Elite Ballista Elephant
56:45 Light Cavalry
57:24 Onager
62:35 Bracer
STEVE 2014
7:03 Loom
17:40 Feudal Age
18:11 Double-Bit Axe
18:09 Horse Collar
20:55 Forging
24:16 Fletching
25:17 Padded Archer Armor
29:52 Castle Age
30:34 Bodkin Arrow
31:07 Elite Skirmisher
31:11 Crossbowman
31:54 Gold Mining
31:55 Stone Mining
32:40 Bow Saw
32:32 Heavy Plow
37:18 Imperial Age
34:35 Town Watch
35:07 Leather Archer Armor
36:28 Ballistics
37:01 Wheelbarrow
37:03 Steppe Husbandry
38:05 Masonry
39:32 Chemistry
39:31 Ring Archer Armor
42:16 Conscription
42:56 Murder Holes
43:31 Elite Skirmisher
45:09 Bloodlines
44:20 Light Cavalry
45:06 Onager
45:17 Heavy Cavalry Archer
46:44 Gold Shaft Mining
47:12 Hand Cart
47:05 Elite Steppe Lancer
50:13 Scale Barding Armor
50:45 Iron Casting
51:32 Parthian Tactics
51:51 Chain Barding Armor
51:43 Hussar
54:44 Siege Onager
HISPA_Jiubey
6:04 Loom
17:53 Feudal Age
18:42 Double-Bit Axe
20:36 Gold Mining
28:38 Castle Age
27:16 Wheelbarrow
26:42 Stone Mining
27:03 Fletching
27:43 Forging
28:53 Pikeman
30:53 Gold Shaft Mining
30:16 Bodkin Arrow
30:38 Bloodlines
32:21 Hand Cart
35:50 Imperial Age
35:26 Bow Saw
36:29 Husbandry
38:47 Masonry
39:17 Murder Holes
40:51 Chemistry
41:40 Ballistics
43:56 Fortified Wall
54:18 Town Watch
61:28 Scale Barding Armor
63:28 Padded Archer Armor
63:49 Chain Barding Armor
mauggy
4:20 Loom
14:04 Feudal Age
14:40 Double-Bit Axe
19:37 Castle Age
17:42 Stone Mining
17:46 Gold Mining
18:32 Horse Collar
20:47 Forging
21:03 Scale Mail Armor
22:31 Iron Casting
23:20 Man-at-Arms
25:30 Bow Saw
27:26 Squires
26:46 Long Swordsman
27:46 Chain Mail Armor
28:19 Heavy Plow
36:14 Imperial Age
36:31 Wheelbarrow
35:42 Town Watch
37:20 Conscription
37:22 Comitatenses
38:45 Ballistics
39:28 Blast Furnace
38:38 Legionary
41:03 Heavy Scorpion
46:19 Ballistas
49:19 Pikeman
50:34 Halberdier
59:56 Hand Cart
Jerry
4:01 Loom
15:32 Feudal Age
16:03 Double-Bit Axe
18:10 Fishing Lines
20:33 Castle Age
21:44 Gold Mining
22:54 Pikeman
24:50 Bow Saw
35:14 Fletching
36:11 Bodkin Arrow
36:50 Horse Collar
37:19 Stone Mining
42:43 Imperial Age
44:06 Wheelbarrow
44:46 Conscription
44:42 Bracer
44:42 Padded Archer Armor
45:06 Ballistics
46:17 Caravan
47:50 Two-Man Saw
47:07 Hand Cart
47:00 Heavy Plow
47:39 Squires
54:24 Scale Mail Armor
54:45 Forging
55:55 Chain Mail Armor
56:54 Halberdier
57:26 Arson
61:29 Iron Casting
61:24 Plate Mail Armor
65:04 Elite Chu Ko Nu
67:10 Blast Furnace
Gomey
12:59 Loom
15:45 Feudal Age
17:37 Horse Collar
21:24 Castle Age
20:24 Stone Mining
22:30 Double-Bit Axe
23:12 Pikeman
23:53 Squires
24:10 Forging
24:01 Scale Mail Armor
25:24 Wheelbarrow
25:05 Bow Saw
25:05 Heavy Plow
29:19 Iron Casting
30:51 Hand Cart
32:10 Arson
32:52 Chain Mail Armor
34:47 Gold Mining
36:36 Gold Shaft Mining
40:06 Imperial Age
40:34 Capped Ram
41:33 Elite Samurai
43:40 Halberdier
60:57 Coinage
64:23 Plate Mail Armor
64:53 Blast Furnace
Connection lost

Rejoining the realm…

Still unreachable

The connection could not be restored.

Session expired

The server has moved on; the page needs a fresh start.